Blackhawks vs Wild
Created - 17 mai 2013 at 19:59
Goals
|
| Blackhawks |
0 |
3 |
0 |
3 |
| Wild |
2 |
1 |
2 |
5 |
|
Shots
|
| Blackhawks |
9 |
12 |
7 |
28 |
| Wild |
9 |
14 |
11 |
34 |
|
1st period
1. Wild , Willie Mitchell 1 (Anson Carter, Chris Drury) at 0:32
2. Wild , Mark Recchi 51 (Chris Drury, Jozef Stumpel) at 3:06 (PP)
Penalties :
Hnat Domenichelli (Chi) for Hooking (Minor) at 2:44, R.J. Umberger (Min) for Tripping (Minor) at 5:58, Mark Recchi (Min) for Interference (Minor) at 15:16, Alexei Kovalev (Chi) for Tripping (Minor) at 15:16
2nd period
3. Blackhawks , Nicklas Lidstrom 13 (Scott Gomez) at 9:24 (SH)
4. Wild , Nathan Dempsey 6 (Mark Recchi) at 9:30 (PP)
5. Blackhawks , Joe Sakic 34 (Hnat Domenichelli) at 12:01
6. Blackhawks , Scott Gomez 28 (Colby Armstrong) at 12:48 (PP)
Penalties :
Daniel Carcillo (Chi) for Tripping (Minor) at 8:06, Fedor Tyutin (Min) for Roughing (Minor) at 12:16, Craig Rivet (Chi) for Holding Stick (Minor) at 17:27, Shane Hnidy (Min) for Roughing (Minor) at 18:22
3rd period
7. Wild , Chris Drury 44 (Mark Recchi, Jozef Stumpel) at 16:12 (PP)
8. Wild , Mark Recchi 52 (Chris Drury, R.J. Umberger) at 17:06
Penalties :
Nils Ekman (Chi) for Tripping (Minor) at 1:42, Willie Mitchell (Min) for Cross-checking (Minor) at 5:00, Hnat Domenichelli (Chi) for Hooking (Minor) at 11:32, Francis Bouillon (Chi) for Hooking (Minor) at 15:37
Goalie Stats
Jocelyn Thibault (Chi), 29 saves from 34 shots - (0,853), L, 24-19-2, 60:00 minutes
Martin Brodeur (Min), 25 saves from 28 shots - (0,893), W, 41-25-4, 60:00 minutes
Players Stats for Blackhawks
Player Name G A P +/- PIM S H SB GA TA FO MP PP MP PK MP
------------------------------------------------------------------------------------
Alexei Kovalev 0 0 0 0 2 3 3 0 2 1 1/1 20:00 2:36 0:00
Brad Ference 0 0 0 1 0 0 2 1 0 0 0/0 13:28 0:38 1:06
Brooks Laich 0 0 0 0 0 1 1 0 1 1 4/10 15:13 2:29 1:28
Chris Gratton 0 0 0 0 0 1 0 0 0 0 5/13 12:04 0:50 4:51
Colby Armstrong 0 1 1 0 0 3 0 1 1 0 1/1 18:35 2:29 4:39
Craig Rivet 0 0 0 -2 2 1 4 0 1 1 0/0 25:02 2:23 2:25
Daniel Carcillo 0 0 0 0 2 2 3 0 0 1 0/0 12:14 0:03 0:35
Denis Hamel 0 0 0 0 0 1 2 0 0 0 1/1 6:02 0:00 0:00
Francis Bouillon 0 0 0 2 2 1 1 1 0 3 0/0 20:02 2:23 3:43
Hnat Domenichelli 0 1 1 0 4 1 2 0 1 0 1/2 15:31 0:00 0:00
Joe Sakic 1 0 1 0 0 5 2 1 1 0 13/26 19:54 2:23 0:00
Kristopher Letang 0 0 0 0 0 0 0 2 0 3 0/0 21:01 2:24 2:56
Loui Eriksson 0 0 0 -1 0 1 2 0 0 1 0/0 13:12 2:35 0:00
Nicklas Lidstrom 1 0 1 -1 0 3 2 0 3 1 0/0 27:26 3:05 4:18
Nils Ekman 0 0 0 0 2 2 1 1 0 1 2/2 13:49 0:03 1:04
Scott Gomez 1 1 2 0 0 2 1 0 2 1 9/14 16:44 2:29 1:51
Sergei Shirokov 0 0 0 0 0 1 1 0 0 0 0/0 6:02 0:00 0:00
Steve McCarthy 0 0 0 0 0 0 1 0 0 0 0/0 13:17 0:15 0:00
Players Stats for Wild
Player Name G A P +/- PIM S H SB GA TA FO MP PP MP PK MP
------------------------------------------------------------------------------------
Adam Deadmarsh 0 0 0 -2 0 1 0 0 0 0 1/1 8:47 2:21 0:00
Anson Carter 0 1 1 1 0 2 2 0 1 2 0/0 11:28 0:05 0:00
Bret Hedican 0 0 0 0 0 1 4 0 0 0 0/0 20:36 5:04 2:04
Brian Rolston 0 0 0 0 0 1 0 1 2 1 1/1 12:44 0:00 2:43
Chris Drury 1 3 4 1 0 5 2 0 2 1 9/26 23:41 4:48 1:33
Chris Higgins 0 0 0 0 0 1 1 0 1 0 0/0 13:17 0:05 1:15
Fedor Tyutin 0 0 0 1 2 1 2 3 0 2 0/0 17:36 2:10 1:07
Fredrik Modin 0 0 0 -1 0 0 0 0 0 0 0/0 7:15 0:00 1:06
Jozef Stumpel 0 2 2 1 0 2 1 4 0 0 3/4 17:43 4:48 0:08
Mark Recchi 2 2 4 1 2 7 0 0 1 0 5/6 22:10 4:48 0:13
Mike Ricci 0 0 0 -1 0 0 1 0 0 1 0/2 9:47 0:05 1:08
Nathan Dempsey 1 0 1 -1 0 5 1 1 2 1 0/0 30:23 5:04 1:17
Niclas Wallin 0 0 0 0 0 0 0 0 0 0 0/0 13:32 0:00 3:42
R.J. Umberger 0 1 1 0 2 1 3 0 0 1 1/2 17:40 2:21 0:00
Rod Brind'Amour 0 0 0 0 0 2 0 0 1 1 6/13 12:45 0:00 2:44
Shane Hnidy 0 0 0 0 2 0 0 0 0 1 0/0 12:36 2:09 0:08
Vaclav Prospal 0 0 0 0 0 3 0 0 4 0 7/15 13:53 2:21 0:00
Willie Mitchell 1 0 1 0 2 2 0 3 0 1 0/0 25:34 0:00 2:32
3 Stars
1 - Chris Drury (Min)
2 - Mark Recchi (Min)
3 - Scott Gomez (Chi)
Power Play
Blackhawks - 1 on 4 Attempt(s) - 25,00%
Wild - 3 on 6 Attempt(s) - 50,00%
Penalty Kill
Blackhawks - 3 on 6 Attempt(s) - 50,00%
- Score 1 goal in Penalty Kill
Wild - 3 on 4 Attempt(s) - 75,00%
- Score 0 goal in Penalty Kill
Official
Referees : Watson Brad and McCreary Bill
Linesman : Steve Miller and Brad Lazarowich
Game Notes
No Game Note
Finance
Level 1 -- Attendance: 3303 (55,05%) -- Ticket Income 412 875 $
Level 2 -- Attendance: 2999 (59,98%) -- Ticket Income 224 925 $
Level 3 -- Attendance: 944 (47,20%) -- Ticket Income 47 200 $
Level 4 -- Attendance: 1600 (40,00%) -- Ticket Income 64 000 $
Luxury Box -- Attendance: 529 (52,90%) -- Ticket Income 132 250 $
Game was played at the Forest Center
Total Attendance: 9375 (52,08%)
Total Ticket Income: 881 250 $
Other Income: 44 062 $
Total Income: 925 312 $
Blackhawks
5 vs 5 Forward
Center Left Wing Right Wing Time % Phy DF OF
1 Joe Sakic Hnat Domenichelli Alexei Kovalev 40 1 2 2
2 Scott Gomez Loui Eriksson Nils Ekman 30 1 2 2
3 Brooks Laich Daniel Carcillo Colby Armstrong 20 1 2 2
4 Chris Gratton Denis Hamel Sergei Shirokov 10 1 2 2
5 vs 5 Defense
Defense Defense Time % Phy DF OF
1 Nicklas Lidstrom Craig Rivet 40 1 2 2
2 Steve McCarthy Kristopher Letang 30 1 2 2
3 Francis Bouillon Brad Ference 20 1 2 2
4 Nicklas Lidstrom Craig Rivet 10 1 2 2
PowerPlay Forward
Center Left Wing Right Wing Time % Phy DF OF
1 Joe Sakic Loui Eriksson Alexei Kovalev 60 1 2 2
2 Scott Gomez Brooks Laich Colby Armstrong 40 1 2 2
PowerPlay Defense
Defense Defense Time % Phy DF OF
1 Nicklas Lidstrom Kristopher Letang 60 1 2 2
2 Craig Rivet Francis Bouillon 40 1 2 2
Penalty Kill 4 Players Forward
Center Wing Time % Phy DF OF
1 Chris Gratton Colby Armstrong 60 1 2 2
2 Scott Gomez Nils Ekman 40 1 2 2
Penalty Kill 4 Players Defense
Defense Defense Time % Phy DF OF
1 Nicklas Lidstrom Francis Bouillon 60 1 2 2
2 Craig Rivet Kristopher Letang 40 1 2 2
Penalty Kill - 3 Players Forward
Forward Time % Phy DF OF
1 Joe Sakic 60 1 2 2
2 Alexei Kovalev 40 1 2 2
Penalty Kill - 3 Players Defense
Defense Defense Time % Phy DF OF
1 Nicklas Lidstrom Francis Bouillon 60 1 2 2
2 Craig Rivet Kristopher Letang 40 1 2 2
4 vs 4 Forward
Center Wing Time % Phy DF OF
1 Joe Sakic Alexei Kovalev 60 1 2 2
2 Scott Gomez Nils Ekman 40 1 2 2
4 vs 4 Defense
Defense Defense Time % Phy DF OF
1 Nicklas Lidstrom Francis Bouillon 60 1 2 2
2 Craig Rivet Kristopher Letang 40 1 2 2
Last Minutes Offensive
Center Left Wing Right Wing Defense Defense
Joe Sakic Hnat Domenichelli Alexei Kovalev Nicklas Lidstrom Francis Bouillon
Last Minutes Defensive
Center Left Wing Right Wing Defense Defense
Joe Sakic Hnat Domenichelli Alexei Kovalev Nicklas Lidstrom Francis Bouillon
Goaltenders
Starting : Jocelyn Thibault
Backup : Tyler Weiman
Extra Forwards
Normal : Colby Armstrong, Daniel Carcillo, Brooks Laich - PP : Colby Armstrong, Chris Gratton - PK : Brooks Laich
Extra Defensemen
Normal : Steve McCarthy, Brad Ference, Craig Rivet - PP : Steve McCarthy - PK : Brad Ference, Craig Rivet
Penalty Shots
Joe Sakic, Alexei Kovalev, Scott Gomez, Nils Ekman, Hnat Domenichelli
Wild
5 vs 5 Forward
Center Left Wing Right Wing Time % Phy DF OF
1 Chris Drury R.J. Umberger Mark Recchi 40 0 1 4
2 Vaclav Prospal Jozef Stumpel Anson Carter 30 1 0 4
3 Rod Brind'Amour Chris Higgins Brian Rolston 20 1 1 3
4 Mike Ricci Fredrik Modin Adam Deadmarsh 10 2 1 2
5 vs 5 Defense
Defense Defense Time % Phy DF OF
1 Willie Mitchell Nathan Dempsey 40 1 3 1
2 Fedor Tyutin Bret Hedican 30 1 3 1
3 Niclas Wallin Shane Hnidy 20 2 2 1
4 Willie Mitchell Nathan Dempsey 10 1 3 1
PowerPlay Forward
Center Left Wing Right Wing Time % Phy DF OF
1 Chris Drury Jozef Stumpel Mark Recchi 60 0 1 4
2 Vaclav Prospal R.J. Umberger Adam Deadmarsh 40 0 1 4
PowerPlay Defense
Defense Defense Time % Phy DF OF
1 Bret Hedican Nathan Dempsey 60 0 2 3
2 Fedor Tyutin Shane Hnidy 40 0 2 3
Penalty Kill 4 Players Forward
Center Wing Time % Phy DF OF
1 Rod Brind'Amour Brian Rolston 60 1 3 1
2 Mike Ricci Chris Higgins 40 1 3 1
Penalty Kill 4 Players Defense
Defense Defense Time % Phy DF OF
1 Niclas Wallin Willie Mitchell 60 2 3 0
2 Nathan Dempsey Bret Hedican 40 2 3 0
Penalty Kill - 3 Players Forward
Forward Time % Phy DF OF
1 Rod Brind'Amour 60 1 4 0
2 Mike Ricci 40 1 4 0
Penalty Kill - 3 Players Defense
Defense Defense Time % Phy DF OF
1 Niclas Wallin Shane Hnidy 60 2 3 0
2 Fedor Tyutin Willie Mitchell 40 2 3 0
4 vs 4 Forward
Center Wing Time % Phy DF OF
1 Mark Recchi Chris Drury 60 1 1 3
2 Jozef Stumpel Vaclav Prospal 40 1 1 3
4 vs 4 Defense
Defense Defense Time % Phy DF OF
1 Willie Mitchell Nathan Dempsey 60 2 2 1
2 Fedor Tyutin Bret Hedican 40 2 2 1
Last Minutes Offensive
Center Left Wing Right Wing Defense Defense
Chris Drury Jozef Stumpel Mark Recchi Bret Hedican Nathan Dempsey
Last Minutes Defensive
Center Left Wing Right Wing Defense Defense
Rod Brind'Amour Mike Ricci Brian Rolston Niclas Wallin Willie Mitchell
Goaltenders
Starting : Martin Brodeur
Backup : Jamie Storr
Extra Forwards
Normal : Chris Drury, Mark Recchi, Jozef Stumpel - PP : Chris Drury, Mark Recchi - PK : Rod Brind'Amour
Extra Defensemen
Normal : Bret Hedican, Nathan Dempsey, Fedor Tyutin - PP : Bret Hedican - PK : Nathan Dempsey, Niclas Wallin
Penalty Shots
Mark Recchi, Chris Drury, Jozef Stumpel, Vaclav Prospal, Mike Ricci
% Time on Ice - Blackhawks
Lines # - Real PCT - Wanted PCT - Time Play
Normal Forward
1 - 37% - 40% - 16:18
2 - 27% - 30% - 11:59
3 - 23% - 20% - 9:59
4 - 14% - 10% - 6:02
Normal Defense
1 - 37% - 40% - 16:32
2 - 34% - 30% - 15:14
3 - 26% - 20% - 11:20
4 - 3% - 10% - 1:12
PP Forward
1 - 54% - 60% - 2:56
2 - 46% - 40% - 2:29
PP Defense
1 - 62% - 60% - 3:20
2 - 38% - 40% - 2:05
PK Forward
1 - 74% - 60% - 5:23
2 - 26% - 40% - 1:51
PK Defense
1 - 59% - 60% - 4:18
2 - 41% - 40% - 2:56
PK3 Forward
1 - 0% - 60%
2 - 0% - 40%
PK3 Defense
1 - 0% - 60%
2 - 0% - 40%
44 Forward
1 - 86% - 60% - 2:38
2 - 14% - 40% - 0:25
44 Defense
1 - 76% - 60% - 2:19
2 - 24% - 40% - 0:44
Last Minute Offensive - 0:00
Last Minute Defensive - 0:00
Total
Forward - 60:00
Defense - 60:00
|
% Time on Ice - Wild
Lines # - Real PCT - Wanted PCT - Time Play
Normal Forward
1 - 39% - 40% - 17:12
2 - 25% - 30% - 11:13
3 - 22% - 20% - 9:44
4 - 14% - 10% - 6:09
Normal Defense
1 - 44% - 40% - 19:37
2 - 30% - 30% - 13:20
3 - 20% - 20% - 9:02
4 - 5% - 10% - 2:19
PP Forward
1 - 68% - 60% - 4:53
2 - 32% - 40% - 2:21
PP Defense
1 - 70% - 60% - 5:04
2 - 30% - 40% - 2:10
PK Forward
1 - 88% - 60% - 4:47
2 - 12% - 40% - 0:38
PK Defense
1 - 83% - 60% - 4:31
2 - 17% - 40% - 0:54
PK3 Forward
1 - 0% - 60%
2 - 0% - 40%
PK3 Defense
1 - 0% - 60%
2 - 0% - 40%
44 Forward
1 - 90% - 60% - 2:44
2 - 10% - 40% - 0:19
44 Defense
1 - 74% - 60% - 2:16
2 - 26% - 40% - 0:47
Last Minute Offensive - 0:00
Last Minute Defensive - 0:00
Total
Forward - 60:00
Defense - 60:00
|
Play by Play
1st period
0:01 of 1st period - Joe Sakic wins face-off versus Chris Drury in neutral zone.
0:30 of 1st period - Snap shot by Anson Carter.
0:30 of 1st period - Shot Misses the Net.
0:32 of 1st period - Backhand shot by Willie Mitchell.
0:32 of 1st period - Goal by Willie Mitchell - Blackhawks : 0 - Wild : 1.
0:33 of 1st period - Brooks Laich wins face-off versus Rod Brind'Amour in neutral zone.
0:36 of 1st period - Slapshot by Kristopher Letang.
0:36 of 1st period - Shot Blocked by Fedor Tyutin.
0:58 of 1st period - Bret Hedican is hit by Steve McCarthy and loses puck.
1:05 of 1st period - Snap shot by Sergei Shirokov.
1:05 of 1st period - Shot Misses the Net.
1:07 of 1st period - Slapshot by Francis Bouillon.
1:07 of 1st period - Deflect By Bret Hedican.
1:07 of 1st period - Stopped by Martin Brodeur without a rebound.
1:08 of 1st period - Nils Ekman wins face-off versus Mike Ricci in Wild zone.
1:13 of 1st period - Wrist shot by Scott Gomez.
1:13 of 1st period - Shot Misses the Net.
2:16 of 1st period - Nathan Dempsey is hit by Daniel Carcillo and loses puck.
2:23 of 1st period - Chris Higgins is hit by Daniel Carcillo and loses puck.
2:36 of 1st period - Adam Deadmarsh is hit by Nicklas Lidstrom and loses puck.
2:44 of 1st period - Minor Penalty to Hnat Domenichelli for Hooking.
2:45 of 1st period - Chris Drury wins face-off versus Chris Gratton in Blackhawks zone.
2:46 of 1st period - Wrist shot by Mark Recchi.
2:46 of 1st period - Stopped by Jocelyn Thibault with a rebound.
2:48 of 1st period - Snap shot by Nathan Dempsey.
2:48 of 1st period - Shot Blocked by Francis Bouillon.
2:50 of 1st period - Snap shot by Mark Recchi.
2:50 of 1st period - Stopped by Jocelyn Thibault without a rebound.
2:51 of 1st period - Chris Gratton wins face-off versus Chris Drury in Blackhawks zone.
3:06 of 1st period - Wrist shot by Mark Recchi.
3:06 of 1st period - Goal by Mark Recchi - Blackhawks : 0 - Wild : 2.
3:07 of 1st period - Chris Drury wins face-off versus Scott Gomez in neutral zone.
3:10 of 1st period - Snap shot by Mark Recchi.
3:10 of 1st period - Shot Blocked by Nils Ekman.
4:14 of 1st period - R.J. Umberger is hit by Denis Hamel and loses puck.
5:05 of 1st period - Wrist shot by Anson Carter.
5:05 of 1st period - Stopped by Jocelyn Thibault with a rebound.
5:45 of 1st period - Wrist shot by Chris Drury.
5:45 of 1st period - Stopped by Jocelyn Thibault without a rebound.
5:46 of 1st period - Chris Drury wins face-off versus Scott Gomez in Blackhawks zone.
5:58 of 1st period - Minor Penalty to R.J. Umberger for Tripping.
5:59 of 1st period - Rod Brind'Amour wins face-off versus Joe Sakic in Wild zone.
7:32 of 1st period - Willie Mitchell is hit by Joe Sakic and loses puck.
7:58 of 1st period - Penalty to R.J. Umberger is over, R.J. Umberger is back on ice.
8:38 of 1st period - Snap shot by Adam Deadmarsh.
8:38 of 1st period - Shot Misses the Net.
8:44 of 1st period - Fedor Tyutin is hit by Joe Sakic and loses puck.
10:16 of 1st period - Joe Sakic is hit by Mike Ricci and loses puck.
10:51 of 1st period - Colby Armstrong is hit by Anson Carter.
11:03 of 1st period - Brad Ference is hit by Chris Drury and loses puck.
11:26 of 1st period - Nathan Dempsey is hit by Loui Eriksson and loses puck.
12:13 of 1st period - Wrist shot by Chris Higgins.
12:13 of 1st period - Stopped by Jocelyn Thibault without a rebound.
12:14 of 1st period - Scott Gomez wins face-off versus Chris Drury in Blackhawks zone.
12:19 of 1st period - Wrist shot by Scott Gomez.
12:19 of 1st period - Shot Misses the Net.
12:23 of 1st period - Snap shot by Nils Ekman.
12:23 of 1st period - Shot Misses the Net.
12:25 of 1st period - Snap shot by Nicklas Lidstrom.
12:25 of 1st period - Shot Misses the Net.
12:27 of 1st period - Snap shot by Loui Eriksson.
12:27 of 1st period - Stopped by Martin Brodeur with a rebound.
12:29 of 1st period - Snap shot by Nils Ekman.
12:29 of 1st period - Shot Misses the Net.
12:38 of 1st period - Off-side.
12:39 of 1st period - Vaclav Prospal wins face-off versus Joe Sakic in neutral zone.
13:06 of 1st period - Alexei Kovalev is hit by Chris Higgins and loses puck.
13:21 of 1st period - Slapshot by Alexei Kovalev.
13:21 of 1st period - Deflect By Hnat Domenichelli.
13:21 of 1st period - Stopped by Martin Brodeur without a rebound.
13:22 of 1st period - Scott Gomez wins face-off versus Chris Drury in Wild zone.
14:08 of 1st period - Off-side.
14:09 of 1st period - Denis Hamel wins face-off versus Rod Brind'Amour in neutral zone.
14:13 of 1st period - Nicklas Lidstrom is hit by Nathan Dempsey.
14:18 of 1st period - Off-side.
14:19 of 1st period - Alexei Kovalev wins face-off versus Chris Drury in neutral zone.
14:48 of 1st period - Wrist shot by Loui Eriksson.
14:48 of 1st period - Shot Blocked by Nathan Dempsey.
14:50 of 1st period - Slapshot by Craig Rivet.
14:50 of 1st period - Deflect By Loui Eriksson.
14:50 of 1st period - Shot Misses the Net.
14:50 of 1st period - Puck is out of play.
14:51 of 1st period - Mark Recchi wins face-off versus Scott Gomez in Wild zone.
15:01 of 1st period - Snap shot by Scott Gomez.
15:01 of 1st period - Deflect By Nils Ekman.
15:01 of 1st period - Stopped by Martin Brodeur with a rebound.
15:03 of 1st period - Snap shot by Loui Eriksson.
15:03 of 1st period - Shot Misses the Net.
15:05 of 1st period - Backhand shot by Scott Gomez.
15:05 of 1st period - Stopped by Martin Brodeur without a rebound.
15:06 of 1st period - Joe Sakic wins face-off versus Chris Drury in Wild zone.
15:16 of 1st period - Minor Penalty to Mark Recchi for Interference.
15:16 of 1st period - Minor Penalty to Alexei Kovalev for Tripping.
15:17 of 1st period - Joe Sakic wins face-off versus Jozef Stumpel in neutral zone.
15:36 of 1st period - Francis Bouillon is hit by Chris Drury and loses puck.
16:00 of 1st period - Wrist shot by Daniel Carcillo.
16:00 of 1st period - Shot Misses the Net.
16:02 of 1st period - Snap shot by Daniel Carcillo.
16:02 of 1st period - Shot Blocked by Willie Mitchell.
16:04 of 1st period - Slapshot by Craig Rivet.
16:04 of 1st period - Stopped by Martin Brodeur without a rebound.
16:05 of 1st period - Jozef Stumpel wins face-off versus Joe Sakic in Wild zone.
16:10 of 1st period - Colby Armstrong is hit by Bret Hedican and loses puck.
16:29 of 1st period - Chris Higgins is hit by Daniel Carcillo and loses puck.
17:16 of 1st period - Penalty to Mark Recchi is over, Mark Recchi is back on ice.
17:16 of 1st period - Penalty to Alexei Kovalev is over, Alexei Kovalev is back on ice.
17:43 of 1st period - Willie Mitchell is hit by Alexei Kovalev and loses puck.
17:48 of 1st period - Slapshot by Alexei Kovalev.
17:48 of 1st period - Shot Misses the Net.
17:50 of 1st period - Snap shot by Nils Ekman.
17:50 of 1st period - Stopped by Martin Brodeur with a rebound.
18:02 of 1st period - Slapshot by Alexei Kovalev.
18:02 of 1st period - Shot Misses the Net.
18:04 of 1st period - Wrist shot by Alexei Kovalev.
18:04 of 1st period - Stopped by Martin Brodeur with a rebound.
18:14 of 1st period - Willie Mitchell is hit by Scott Gomez and loses puck.
18:24 of 1st period - Off-side.
18:25 of 1st period - Jozef Stumpel wins face-off versus Brooks Laich in neutral zone.
18:32 of 1st period - Wrist shot by Jozef Stumpel.
18:32 of 1st period - Stopped by Jocelyn Thibault without a rebound.
18:33 of 1st period - Vaclav Prospal wins face-off versus Brooks Laich in Blackhawks zone.
18:34 of 1st period - Wrist shot by Anson Carter.
18:34 of 1st period - Deflect By Francis Bouillon.
18:34 of 1st period - Stopped by Jocelyn Thibault without a rebound.
18:35 of 1st period - Vaclav Prospal wins face-off versus Brooks Laich in Blackhawks zone.
18:48 of 1st period - Snap shot by Daniel Carcillo.
18:48 of 1st period - Stopped by Martin Brodeur without a rebound.
18:49 of 1st period - Vaclav Prospal wins face-off versus Joe Sakic in Wild zone.
18:49 of 1st period - Vaclav Prospal is hit by Alexei Kovalev.
19:12 of 1st period - Icing by Mark Recchi.
19:13 of 1st period - Colby Armstrong wins face-off versus Chris Drury in Wild zone.
19:19 of 1st period - Off-side.
19:20 of 1st period - Mark Recchi wins face-off versus Hnat Domenichelli in neutral zone.
19:32 of 1st period - Icing by Nathan Dempsey.
19:33 of 1st period - Chris Drury wins face-off versus Joe Sakic in Wild zone.
19:38 of 1st period - Slapshot by Joe Sakic.
19:38 of 1st period - Deflect By Alexei Kovalev.
19:38 of 1st period - Shot Blocked by Willie Mitchell.
19:38 of 1st period - Puck is out of play.
19:39 of 1st period - Chris Drury wins face-off versus Joe Sakic in Wild zone.
19:50 of 1st period - Nathan Dempsey is hit by Hnat Domenichelli and loses puck.
2nd period
0:01 of 2nd period - Joe Sakic wins face-off versus Chris Drury in neutral zone.
1:16 of 2nd period - Wrist shot by Colby Armstrong.
1:16 of 2nd period - Deflect By Daniel Carcillo.
1:16 of 2nd period - Stopped by Martin Brodeur with a rebound.
1:36 of 2nd period - Slapshot by Joe Sakic.
1:36 of 2nd period - Stopped by Martin Brodeur without a rebound.
1:37 of 2nd period - Scott Gomez wins face-off versus Vaclav Prospal in Wild zone.
2:15 of 2nd period - R.J. Umberger is hit by Craig Rivet and loses puck.
2:32 of 2nd period - Snap shot by Brooks Laich.
2:32 of 2nd period - Stopped by Martin Brodeur without a rebound.
2:33 of 2nd period - Rod Brind'Amour wins face-off versus Scott Gomez in Wild zone.
2:48 of 2nd period - Snap shot by Scott Gomez.
2:48 of 2nd period - Shot Misses the Net.
3:04 of 2nd period - Wrist shot by R.J. Umberger.
3:04 of 2nd period - Stopped by Jocelyn Thibault without a rebound.
3:05 of 2nd period - Joe Sakic wins face-off versus R.J. Umberger in Blackhawks zone.
3:10 of 2nd period - Wrist shot by Joe Sakic.
3:10 of 2nd period - Stopped by Martin Brodeur with a rebound.
3:43 of 2nd period - Slapshot by Alexei Kovalev.
3:43 of 2nd period - Stopped by Martin Brodeur with a rebound.
3:45 of 2nd period - Wrist shot by Alexei Kovalev.
3:45 of 2nd period - Shot Misses the Net.
3:47 of 2nd period - Snap shot by Joe Sakic.
3:47 of 2nd period - Deflect By Willie Mitchell.
3:47 of 2nd period - Stopped by Martin Brodeur without a rebound.
3:48 of 2nd period - Vaclav Prospal wins face-off versus Scott Gomez in Wild zone.
4:13 of 2nd period - Rod Brind'Amour is hit by Brooks Laich and loses puck.
4:18 of 2nd period - Wrist shot by Daniel Carcillo.
4:18 of 2nd period - Shot Misses the Net.
4:40 of 2nd period - Snap shot by Chris Gratton.
4:40 of 2nd period - Stopped by Martin Brodeur with a rebound.
5:36 of 2nd period - Off-side.
5:37 of 2nd period - Scott Gomez wins face-off versus Mike Ricci in neutral zone.
6:12 of 2nd period - Snap shot by Joe Sakic.
6:12 of 2nd period - Stopped by Martin Brodeur without a rebound.
6:13 of 2nd period - Nils Ekman wins face-off versus Vaclav Prospal in Wild zone.
6:42 of 2nd period - Wrist shot by Brian Rolston.
6:42 of 2nd period - Stopped by Jocelyn Thibault with a rebound.
7:04 of 2nd period - Niclas Wallin is hit by Loui Eriksson.
7:28 of 2nd period - Snap shot by Adam Deadmarsh.
7:28 of 2nd period - Stopped by Jocelyn Thibault without a rebound.
7:29 of 2nd period - Vaclav Prospal wins face-off versus Joe Sakic in Blackhawks zone.
7:54 of 2nd period - Chris Drury is hit by Craig Rivet and loses puck.
8:03 of 2nd period - Slapshot by Mark Recchi.
8:03 of 2nd period - Stopped by Jocelyn Thibault with a rebound.
8:06 of 2nd period - Minor Penalty to Daniel Carcillo for Tripping.
8:07 of 2nd period - Chris Drury wins face-off versus Chris Gratton in Blackhawks zone.
8:39 of 2nd period - Off-side.
8:40 of 2nd period - Adam Deadmarsh wins face-off versus Chris Gratton in neutral zone.
8:45 of 2nd period - Wrist shot by Vaclav Prospal.
8:45 of 2nd period - Shot Misses the Net.
8:47 of 2nd period - Snap shot by Fedor Tyutin.
8:47 of 2nd period - Stopped by Jocelyn Thibault with a rebound.
8:49 of 2nd period - Slapshot by R.J. Umberger.
8:49 of 2nd period - Shot Misses the Net.
8:51 of 2nd period - Snap shot by Vaclav Prospal.
8:51 of 2nd period - Deflect By Kristopher Letang.
8:51 of 2nd period - Stopped by Jocelyn Thibault without a rebound.
8:52 of 2nd period - Jozef Stumpel wins face-off versus Chris Gratton in Blackhawks zone.
8:57 of 2nd period - Slapshot by Chris Drury.
8:57 of 2nd period - Shot Misses the Net.
8:59 of 2nd period - Slapshot by Mark Recchi.
8:59 of 2nd period - Stopped by Jocelyn Thibault with a rebound.
9:01 of 2nd period - Snap shot by Chris Drury.
9:01 of 2nd period - Shot Blocked by Colby Armstrong.
9:03 of 2nd period - Slapshot by Bret Hedican.
9:03 of 2nd period - Deflect By Mark Recchi.
9:03 of 2nd period - Stopped by Jocelyn Thibault without a rebound.
9:04 of 2nd period - Chris Gratton wins face-off versus Chris Drury in Blackhawks zone.
9:04 of 2nd period - Chris Gratton is hit by Bret Hedican.
9:24 of 2nd period - Slapshot by Nicklas Lidstrom.
9:24 of 2nd period - Goal by Nicklas Lidstrom - Blackhawks : 1 - Wild : 2.
9:25 of 2nd period - Mark Recchi wins face-off versus Chris Gratton in neutral zone.
9:28 of 2nd period - Slapshot by Nathan Dempsey.
9:28 of 2nd period - Deflect By Chris Gratton.
9:28 of 2nd period - Stopped by Jocelyn Thibault with a rebound.
9:30 of 2nd period - Snap shot by Nathan Dempsey.
9:30 of 2nd period - Goal by Nathan Dempsey - Blackhawks : 1 - Wild : 3.
9:31 of 2nd period - Chris Drury wins face-off versus Joe Sakic in neutral zone.
10:35 of 2nd period - Slapshot by Craig Rivet.
10:35 of 2nd period - Shot Blocked by Jozef Stumpel.
10:45 of 2nd period - Slapshot by Chris Gratton.
10:45 of 2nd period - Deflect By Sergei Shirokov.
10:45 of 2nd period - Shot Misses the Net.
10:45 of 2nd period - Puck is out of play.
10:46 of 2nd period - Chris Gratton wins face-off versus Chris Drury in Wild zone.
10:49 of 2nd period - Wrist shot by Chris Gratton.
10:49 of 2nd period - Shot Misses the Net.
10:55 of 2nd period - Sergei Shirokov is hit by R.J. Umberger and loses puck.
11:02 of 2nd period - Wrist shot by Chris Drury.
11:02 of 2nd period - Deflect By Kristopher Letang.
11:02 of 2nd period - Stopped by Jocelyn Thibault with a rebound.
11:44 of 2nd period - Wrist shot by Daniel Carcillo.
11:44 of 2nd period - Shot Blocked by Willie Mitchell.
11:54 of 2nd period - Willie Mitchell is hit by Brad Ference and loses puck.
12:01 of 2nd period - Snap shot by Joe Sakic.
12:01 of 2nd period - Goal by Joe Sakic - Blackhawks : 2 - Wild : 3.
12:02 of 2nd period - Chris Drury wins face-off versus Joe Sakic in neutral zone.
12:09 of 2nd period - Wrist shot by R.J. Umberger.
12:09 of 2nd period - Shot Misses the Net.
12:14 of 2nd period - Joe Sakic is hit by R.J. Umberger and loses puck.
12:16 of 2nd period - Minor Penalty to Fedor Tyutin for Roughing.
12:17 of 2nd period - Rod Brind'Amour wins face-off versus Joe Sakic in Wild zone.
12:44 of 2nd period - Slapshot by Colby Armstrong.
12:44 of 2nd period - Stopped by Martin Brodeur without a rebound.
12:45 of 2nd period - Scott Gomez wins face-off versus Rod Brind'Amour in Wild zone.
12:48 of 2nd period - Wrist shot by Scott Gomez.
12:48 of 2nd period - Goal by Scott Gomez - Blackhawks : 3 - Wild : 3.
12:49 of 2nd period - Chris Drury wins face-off versus Joe Sakic in neutral zone.
13:20 of 2nd period - Slapshot by Anson Carter.
13:20 of 2nd period - Shot Misses the Net.
13:22 of 2nd period - Wrist shot by Nathan Dempsey.
13:22 of 2nd period - Stopped by Jocelyn Thibault without a rebound.
13:23 of 2nd period - Joe Sakic wins face-off versus Chris Drury in Blackhawks zone.
15:00 of 2nd period - Slapshot by Mark Recchi.
15:00 of 2nd period - Shot Blocked by Brad Ference.
15:02 of 2nd period - Wrist shot by Chris Drury.
15:02 of 2nd period - Shot Misses the Net.
15:04 of 2nd period - Slapshot by Fedor Tyutin.
15:04 of 2nd period - Shot Blocked by Joe Sakic.
15:06 of 2nd period - Snap shot by Chris Drury.
15:06 of 2nd period - Shot Misses the Net.
15:49 of 2nd period - Wrist shot by Rod Brind'Amour.
15:49 of 2nd period - Stopped by Jocelyn Thibault with a rebound.
16:04 of 2nd period - Icing by Daniel Carcillo.
16:05 of 2nd period - Brooks Laich wins face-off versus Chris Drury in Blackhawks zone.
17:20 of 2nd period - Snap shot by Nathan Dempsey.
17:20 of 2nd period - Deflect By Colby Armstrong.
17:20 of 2nd period - Stopped by Jocelyn Thibault without a rebound.
17:21 of 2nd period - Joe Sakic wins face-off versus Vaclav Prospal in Blackhawks zone.
17:26 of 2nd period - Wrist shot by Joe Sakic.
17:26 of 2nd period - Deflect By Alexei Kovalev.
17:26 of 2nd period - Shot Misses the Net.
17:26 of 2nd period - Puck is out of play.
17:27 of 2nd period - Joe Sakic wins face-off versus Vaclav Prospal in Wild zone.
17:27 of 2nd period - Minor Penalty to Craig Rivet for Holding Stick.
17:28 of 2nd period - Vaclav Prospal wins face-off versus Chris Gratton in Blackhawks zone.
17:29 of 2nd period - Snap shot by R.J. Umberger.
17:29 of 2nd period - Shot Misses the Net.
17:31 of 2nd period - Slapshot by Nathan Dempsey.
17:31 of 2nd period - Shot Misses the Net.
18:22 of 2nd period - Minor Penalty to Shane Hnidy for Roughing.
18:23 of 2nd period - Joe Sakic wins face-off versus Mark Recchi in Wild zone.
18:35 of 2nd period - Off-side.
18:36 of 2nd period - Mark Recchi wins face-off versus Joe Sakic in neutral zone.
19:27 of 2nd period - Penalty to Craig Rivet is over, Craig Rivet is back on ice.
19:33 of 2nd period - Craig Rivet is hit by Bret Hedican and loses puck.
19:44 of 2nd period - Snap shot by Alexei Kovalev.
19:44 of 2nd period - Deflect By Craig Rivet.
19:44 of 2nd period - Shot Misses the Net.
19:44 of 2nd period - Puck is out of play.
19:45 of 2nd period - Scott Gomez wins face-off versus Rod Brind'Amour in Wild zone.
3rd period
0:01 of 3rd period - Rod Brind'Amour wins face-off versus Joe Sakic in neutral zone.
0:06 of 3rd period - Slapshot by Willie Mitchell.
0:06 of 3rd period - Stopped by Jocelyn Thibault without a rebound.
0:07 of 3rd period - Joe Sakic wins face-off versus Rod Brind'Amour in Blackhawks zone.
0:22 of 3rd period - Penalty to Shane Hnidy is over, Shane Hnidy is back on ice.
0:38 of 3rd period - Snap shot by Alexei Kovalev.
0:38 of 3rd period - Stopped by Martin Brodeur without a rebound.
0:39 of 3rd period - Brooks Laich wins face-off versus Vaclav Prospal in Wild zone.
0:40 of 3rd period - Snap shot by Colby Armstrong.
0:40 of 3rd period - Stopped by Martin Brodeur with a rebound.
1:33 of 3rd period - Wrist shot by Mike Ricci.
1:33 of 3rd period - Shot Misses the Net.
1:42 of 3rd period - Minor Penalty to Nils Ekman for Tripping.
1:43 of 3rd period - Chris Gratton wins face-off versus Chris Drury in Blackhawks zone.
1:58 of 3rd period - Snap shot by Colby Armstrong.
1:58 of 3rd period - Shot Blocked by Jozef Stumpel.
2:50 of 3rd period - Icing by Chris Drury.
2:51 of 3rd period - Scott Gomez wins face-off versus Chris Drury in Wild zone.
2:52 of 3rd period - Slapshot by Brooks Laich.
2:52 of 3rd period - Shot Blocked by Jozef Stumpel.
3:00 of 3rd period - Wrist shot by Mark Recchi.
3:00 of 3rd period - Shot Misses the Net.
3:02 of 3rd period - Wrist shot by Nathan Dempsey.
3:02 of 3rd period - Stopped by Jocelyn Thibault with a rebound.
3:04 of 3rd period - Slapshot by Bret Hedican.
3:04 of 3rd period - Stopped by Jocelyn Thibault with a rebound.
3:06 of 3rd period - Slapshot by Bret Hedican.
3:06 of 3rd period - Shot Misses the Net.
3:08 of 3rd period - Slapshot by Chris Drury.
3:08 of 3rd period - Stopped by Jocelyn Thibault without a rebound.
3:09 of 3rd period - R.J. Umberger wins face-off versus Chris Gratton in Blackhawks zone.
3:42 of 3rd period - Penalty to Nils Ekman is over, Nils Ekman is back on ice.
3:48 of 3rd period - Snap shot by Nils Ekman.
3:48 of 3rd period - Shot Blocked by Fedor Tyutin.
3:50 of 3rd period - Slapshot by Brooks Laich.
3:50 of 3rd period - Shot Misses the Net.
3:52 of 3rd period - Slapshot by Craig Rivet.
3:52 of 3rd period - Deflect By Scott Gomez.
3:52 of 3rd period - Shot Misses the Net.
3:52 of 3rd period - Puck is out of play.
3:53 of 3rd period - Joe Sakic wins face-off versus Rod Brind'Amour in Wild zone.
4:28 of 3rd period - Rod Brind'Amour is hit by Hnat Domenichelli and loses puck.
4:49 of 3rd period - Snap shot by Hnat Domenichelli.
4:49 of 3rd period - Shot Misses the Net.
4:55 of 3rd period - Nathan Dempsey is hit by Craig Rivet.
4:59 of 3rd period - Snap shot by Alexei Kovalev.
4:59 of 3rd period - Shot Misses the Net.
5:00 of 3rd period - Minor Penalty to Willie Mitchell for Cross-checking.
5:01 of 3rd period - Scott Gomez wins face-off versus Chris Drury in Wild zone.
5:42 of 3rd period - Chris Gratton is hit by Bret Hedican and loses puck.
6:55 of 3rd period - Craig Rivet is hit by Jozef Stumpel and loses puck.
7:00 of 3rd period - Penalty to Willie Mitchell is over, Willie Mitchell is back on ice.
7:08 of 3rd period - Slapshot by Vaclav Prospal.
7:08 of 3rd period - Stopped by Jocelyn Thibault with a rebound.
7:33 of 3rd period - Snap shot by Sergei Shirokov.
7:33 of 3rd period - Stopped by Martin Brodeur with a rebound.
7:39 of 3rd period - Slapshot by Nicklas Lidstrom.
7:39 of 3rd period - Stopped by Martin Brodeur with a rebound.
7:49 of 3rd period - Fredrik Modin is hit by Denis Hamel.
7:59 of 3rd period - Snap shot by Sergei Shirokov.
7:59 of 3rd period - Deflect By Denis Hamel.
7:59 of 3rd period - Stopped by Martin Brodeur without a rebound.
8:00 of 3rd period - Hnat Domenichelli wins face-off versus Vaclav Prospal in Wild zone.
8:26 of 3rd period - Brad Ference is hit by Fedor Tyutin.
10:08 of 3rd period - Kristopher Letang is hit by Anson Carter and loses puck.
11:28 of 3rd period - Fedor Tyutin is hit by Alexei Kovalev and loses puck.
11:32 of 3rd period - Minor Penalty to Hnat Domenichelli for Hooking.
11:33 of 3rd period - Chris Gratton wins face-off versus Chris Drury in Blackhawks zone.
13:10 of 3rd period - Chris Drury is hit by Nicklas Lidstrom and loses puck.
13:32 of 3rd period - Penalty to Hnat Domenichelli is over, Hnat Domenichelli is back on ice.
13:33 of 3rd period - Chris Higgins is hit by Nils Ekman and loses puck.
13:40 of 3rd period - Snap shot by Mike Ricci.
13:40 of 3rd period - Shot Blocked by Kristopher Letang.
14:12 of 3rd period - Kristopher Letang is hit by Fedor Tyutin and loses puck.
14:45 of 3rd period - Brian Rolston is hit by Sergei Shirokov and loses puck.
14:49 of 3rd period - Icing by Rod Brind'Amour.
14:50 of 3rd period - Rod Brind'Amour wins face-off versus Brooks Laich in Wild zone.
15:03 of 3rd period - Nathan Dempsey is hit by Francis Bouillon and loses puck.
15:28 of 3rd period - Slapshot by Steve McCarthy.
15:28 of 3rd period - Shot Blocked by Jozef Stumpel.
15:30 of 3rd period - Snap shot by Colby Armstrong.
15:30 of 3rd period - Stopped by Martin Brodeur without a rebound.
15:31 of 3rd period - Joe Sakic wins face-off versus Vaclav Prospal in Wild zone.
15:34 of 3rd period - Snap shot by Joe Sakic.
15:34 of 3rd period - Shot Misses the Net.
15:37 of 3rd period - Minor Penalty to Francis Bouillon for Hooking.
15:38 of 3rd period - Mark Recchi wins face-off versus Chris Gratton in Blackhawks zone.
16:01 of 3rd period - Chris Drury is hit by Brad Ference and loses puck.
16:12 of 3rd period - Wrist shot by Chris Drury.
16:12 of 3rd period - Goal by Chris Drury - Blackhawks : 3 - Wild : 4.
16:13 of 3rd period - Rod Brind'Amour wins face-off versus Brooks Laich in neutral zone.
16:47 of 3rd period - Snap shot by Joe Sakic.
16:47 of 3rd period - Shot Blocked by Fedor Tyutin.
16:57 of 3rd period - Alexei Kovalev is hit by R.J. Umberger and loses puck.
17:04 of 3rd period - Slapshot by Chris Drury.
17:04 of 3rd period - Stopped by Jocelyn Thibault with a rebound.
17:06 of 3rd period - Snap shot by Mark Recchi.
17:06 of 3rd period - Goal by Mark Recchi - Blackhawks : 3 - Wild : 5.
17:07 of 3rd period - Brooks Laich wins face-off versus Rod Brind'Amour in neutral zone.
17:12 of 3rd period - Wrist shot by Rod Brind'Amour.
17:12 of 3rd period - Shot Blocked by Kristopher Letang.
17:20 of 3rd period - Wrist shot by Daniel Carcillo.
17:20 of 3rd period - Shot Misses the Net.
17:57 of 3rd period - Snap shot by Vaclav Prospal.
17:57 of 3rd period - Stopped by Jocelyn Thibault without a rebound.
17:58 of 3rd period - Scott Gomez wins face-off versus Vaclav Prospal in Blackhawks zone.
18:21 of 3rd period - Snap shot by Jozef Stumpel.
18:21 of 3rd period - Stopped by Jocelyn Thibault with a rebound.
18:26 of 3rd period - Off-side.
18:27 of 3rd period - Brian Rolston wins face-off versus Brooks Laich in neutral zone.
18:36 of 3rd period - Snap shot by Nicklas Lidstrom.
18:36 of 3rd period - Stopped by Martin Brodeur with a rebound.
18:38 of 3rd period - Wrist shot by Colby Armstrong.
18:38 of 3rd period - Shot Misses the Net.
18:40 of 3rd period - Slapshot by Daniel Carcillo.
18:40 of 3rd period - Shot Misses the Net.
18:42 of 3rd period - Slapshot by Craig Rivet.
18:42 of 3rd period - Deflect By Colby Armstrong.
18:42 of 3rd period - Shot Blocked by Brian Rolston.
18:42 of 3rd period - Puck is out of play.
18:43 of 3rd period - Joe Sakic wins face-off versus Chris Drury in Wild zone.
19:05 of 3rd period - Nathan Dempsey is hit by Craig Rivet and loses puck.
19:34 of 3rd period - Snap shot by Rod Brind'Amour.
19:34 of 3rd period - Stopped by Jocelyn Thibault with a rebound.
Output by the SimonT Hockey Simulator (STHS) for François Prévost -- Original Page W3C XHTML 1.0 Valid